 Dungeon Crawl Stone Soup version 0.24.1-8-ga250c9d538 (webtiles) character file.

Game seed: 12970569165242572274, levelgen mode: deterministic

364 Hugehornet the Insei (level 6, -6/38 HPs)
             Began as an Octopode Transmuter on May 9, 2020.
             Mangled by a wraith (8 damage)
             ... in an ossuary.
             The game lasted 00:07:21 (3467 turns).

Hugehornet the Insei (Octopode Transmuter)          Turns: 3467, Time: 00:07:22

Health: -6/38      AC:  1    Str:  9    XL:     6   Next: 67%
Magic:  7/10       EV: 14    Int: 17    God:
Gold:   214        SH:  0    Dex: 18    Spells: 1/11 levels left

rFire    . . .     SeeInvis .     - Unarmed
rCold    . . .     Gourm    .   (no shield)
rNeg     . . .     Faith    .   (helmet restricted)
rPois    .         Spirit   .   (no amulet)
rElec    .         Reflect  .   k - +5 ring of dexterity
rCorr    .         Harm     .   (no ring)
MR       .....                  (no ring)
Stlth    +++.......             (no ring)
HPRegen  0.12/turn              (no ring)
MPRegen  0.12/turn              (no ring)
                                (no ring)
                                (no ring)

@: appendage (expiring), slowed, very slow
A: almost no armour, stealthy swim, amphibious, 8 rings, constrict 8, tentacle
spike 3, camouflage 1, gelatinous body 1
a: End Transformation


You were in an ossuary.
You were not hungry.
One of your tentacles had a temporary spike.
You visited 1 branch of the dungeon, and saw 4 of its levels.
You also visited: Ossuary.

You collected 214 gold pieces.

Inventory:

Missiles
 a - 32 arrows
Jewellery
 k - a +5 ring of dexterity (left tentacle)
Scrolls
 b - 2 scrolls of enchant weapon
 f - a scroll of magic mapping {unknown}
 g - a scroll of remove curse
 h - a scroll of teleportation
 i - 2 scrolls of identify
 j - a scroll of fear {unknown}
 n - a scroll of noise {unknown}
 o - a scroll of immolation {unknown}
Potions
 e - a potion of agility {unknown}
 l - a potion of brilliance {unknown}
 m - 3 potions of flight
 p - a potion of degeneration {unknown}
Comestibles
 c - 5 rations


   Skills:
 - Level 1.0 Fighting
 - Level 2.0 Dodging
 - Level 5.6 Unarmed Combat
 + Level 3.0 Spellcasting
 * Level 3.1 Transmutations
 * Level 0.0 Ice Magic
 - Level 3.0 Poison Magic


You had one spell level left.
You knew the following spells:

 Your Spells              Type           Power        Failure   Level  Hunger
a - Beastly Appendage     Tmut           ##....       4%          1    None
b - Sticks to Snakes      Tmut           ##......     7%          2    ##.....
c - Spider Form           Tmut/Pois      ##........   14%         3    ###....
d - Ice Form              Ice/Tmut       #.......     65%         4    ####...

Your spell library contained the following spells:

 Spells                   Type           Power        Failure   Level  Hunger
 Blade Hands              Tmut           ##........   78%         5    ######.


Dungeon Overview and Level Annotations

Branches:
Dungeon (4/15)            Ossuary (1/1)
 Temple: D:4-7

Altars:
Ashenzari
Makhleb
Okawaru
Trog


Innate Abilities, Weirdness & Mutations

You cannot wear most types of armour.
You are very stealthy in the water. (Stealth+)
You are amphibious.
You can wear up to eight rings at the same time.
You can use your tentacles to constrict eight enemies at once.
Your skin changes colour to match your surroundings (Stealth+).
Your rubbery body absorbs attacks. (AC +1, EV +1)
One of your tentacles bears a large vicious spike.


Message History

You tentacle-slap the wraith but do no damage.
Your tentacle spike misses the wraith.
The wraith is lightly damaged.
Your transformation is almost over.
The wraith hits you! The wraith drains your vigour!
You feel as though you will be slow longer.
You tentacle-slap the wraith but do no damage.
The wraith hits you. The wraith hits you!
* * * LOW HITPOINT WARNING * * *
You feel better. The wraith hits you!
* * * LOW HITPOINT WARNING * * *
The wraith drains your vigour!
You feel as though you will be slow longer.
Okay, then.
Okay, then.
Unknown command.
Casting: Beastly Appendage (safe; 4% risk of failure)
Confirm with . or Enter, or press ? or * to list all spells.
You create a snake!
You now have 32 arrows.
The wraith hits you!
You die...

###.....####.####..#
.....................#
......#.#...^........#
#......#+#......####..#
...8...# #...8...'.#..#
#..Z...###......####..#
........^......S......#
.....................#
#..#.#..#@#.^#.#..# #^
#+#..#W#..#'#..# #..
#..#?#..#.#..#
###^.###..###..###..#
......^.............#
......^.............#
####'''#############
##...## ##.....##


You could see a wraith and a friendly ball python.

Vanquished Creatures
  A phantom (D:4)
  An elf zombie (Ossuary)
  A hound (D:2)
  An orc priest (D:3)
  An orc wizard (D:3)
  5 adders
  A worm (D:3)
  A dart slug (D:3)
  8 orcs (D:3)
  3 ball pythons
  A giant cockroach (D:3)
  A goblin (D:1)
  7 hobgoblins
  6 kobolds
  2 quokkas
  10 bats
  2 frilled lizards
  4 goblin zombies (Ossuary)
  4 hobgoblin zombies (Ossuary)
  3 kobold zombies (Ossuary)
  8 rats
71 creatures vanquished.

Notes
Turn   | Place    | Note
-------+----------+-------------------------------------------
     0 | D:1      | Hugehornet the Octopode Transmuter began the quest for the
                  | Orb.
     0 | D:1      | Reached XP level 1. HP: 13/13 MP: 3/3
   301 | D:1      | Reached XP level 2. HP: 12/18 MP: 3/5
   865 | D:1      | Learned a level 2 spell: Sticks to Snakes
  1049 | D:2      | Reached XP level 3. HP: 16/23 MP: 4/6
  1264 | D:2      | Found a shattered altar of Ashenzari.
  1411 | D:2      | Found a burning altar of Makhleb.
  1411 | D:2      | Noticed a cacodemon
  1427 | D:2      | Learned a level 3 spell: Spider Form
  1443 | D:2      | Found an iron altar of Okawaru.
  1445 | D:2      | Found a transporter.
  1445 | D:2      | Found a bloodstained altar of Trog.
  1467 | D:2      | Found a transporter.
  1843 | D:2      | Reached skill level 1 in Poison Magic
  1843 | D:2      | Reached XP level 4. HP: 14/28 MP: 4/8
  2465 | D:3      | Reached XP level 5. HP: 33/33 MP: 5/9
  2479 | D:3      | Reached skill level 4 in Unarmed Combat
  2885 | D:4      | Found a sand-covered staircase.
  2886 | D:4      | Noticed a phantom
  2920 | D:4      | Killed a phantom
  2920 | D:4      | Reached skill level 5 in Unarmed Combat
  2920 | D:4      | Reached XP level 6. HP: 18/38 MP: 8/10
  3081 | Ossuary  | Entered an ossuary
  3081 | Ossuary  | Noticed a wraith
  3081 | Ossuary  | Noticed a wraith
  3081 | Ossuary  | Noticed a wraith
  3342 | Ossuary  | Learned a level 4 spell: Ice Form
  3461 | Ossuary  | Noticed a wraith
  3467 | Ossuary  | Mangled by a wraith

Levels and vault maps discovered:
D:1:      dpeg_arrival_arbitrary_a, layout_loops_ring, minmay_liquid_box,
          minmay_misc_feat_plants
D:2:      layout_rooms, gammafunk_temple_overflow_arena,
          evilmike_ruin_ashenzari, makhleb_altar_promises_db, first_ration
D:3:      layout_basic
D:4:      layout_basic, temple_doors_ab, nicolae_ossuary_entry_monument,
          kennysheep_generic_room_13
Ossuary:  ossuary_kennysheep_city_of_the_dead

Skill      XL: |  1  2  3  4  5 |
---------------+----------------+-----
Transmutations | 3 |  3.1
Spellcasting   | 3 |  3.0
Poison Magic   | 1 2 3 |  3.0
Unarmed Combat | 5 |  5.6
Fighting       | |  1.0
Dodging        | |  2.0

Action                   |  1- 3 |  4- 6 || total
-------------------------+-------+-------++-------
Melee: Unarmed           |    93 |   110 ||   203
       Constrict         |    20 |    21 ||    41
       Kick              |    14 |    30 ||    44
       Tentacles         |     8 |    13 ||    21
       Punch             |     1 |     2 ||     3
 Cast: Beastly Appendage |    25 |    14 ||    39
       Spider Form       |     1 |     3 ||     4
       Sticks to Snakes  |       |     1 ||     1
  Use: Scroll            |       |     5 ||     5
       Potion            |       |     2 ||     2
 Stab: Sleeping          |     8 |     3 ||    11
  Eat: Chunk             |     3 |     4 ||     7
       Ration            |       |     1 ||     1
Armor: Skin              |    15 |     2 ||    17
Dodge: Dodged            |    89 |    61 ||   150
